 Dungeon Crawl Stone Soup version 0.23.2-1-ga50397a6bc (webtiles) character file.

Game seed: 2997779288016979946

1332 Ethylacetat the Poker (level 8, -6/93 HPs)
             Began as a Demonspawn Gladiator on Apr 23, 2019.
             Was a Believer of Okawaru.
             Mangled by Pikel
             ... wielding a +2 whip of electrocution
              (8 damage)
             ... on level 7 of the Dungeon.
             The game lasted 00:11:30 (5709 turns).

Ethylacetat the Poker (Demonspawn Gladiator)        Turns: 5709, Time: 00:11:31

Health: -6/93      AC: 24    Str: 20    XL:     8   Next: 34%
Magic:  11/11      EV:  2    Int: 10    God:    Okawaru [**....]
Gold:   316        SH:  6    Dex: 21    Spells: 7/7 levels left

rFire    + . .     SeeInvis .   a - +0 trident
rCold    . . .     Gourm    .   b - +0 buckler
rNeg     + + +     Faith    .   (armour currently unavailable)
rPois    +         Spirit   .   (helmet currently unavailable)
rElec    .         Reflect  .   (cloak currently unavailable)
rCorr    +         Harm     .   (gloves currently unavailable)
MR       .....     NoTele   +   (boots currently unavailable)
Stlth    +++.......             (no amulet)
HPRegen  0.25/turn              u - ring of protection from fire
MPRegen  0.12/turn              E - ring of resist corrosion

@: mighty, agile, tree-form, hasted, very quick
A: no striking features
a: Heroism, Renounce Religion


You were on level 7 of the Dungeon.
You worshipped Okawaru.
Okawaru was pleased with you.
You were not hungry.
You were a tree.
You visited 1 branch of the dungeon, and saw 7 of its levels.

You collected 346 gold pieces.
You spent 30 gold pieces at shops.

Inventory:

Hand Weapons
 a - a +0 trident (weapon)
Armour
 b - a +0 buckler (worn)
 c - a +0 helmet (melded)
 j - a scarf of repulsion (melded)
 k - a +2 pair of gloves (melded)
 v - a +1 leather armour of fire resistance (melded)
Jewellery
 m - an uncursed ring of flight
 o - an uncursed ring of stealth
 u - a ring of protection from fire (left branch)
 A - an uncursed ring of ice
 E - a ring of resist corrosion (right branch)
Wands
 p - a wand of acid (7)
 w - a wand of polymorph (8)
 y - a wand of iceblast (3)
 z - a wand of disintegration (13)
Scrolls
 e - 2 scrolls of teleportation
 i - 7 scrolls of remove curse {unknown}
 l - 3 scrolls of fear {unknown}
 s - 8 scrolls of identify {unknown}
 x - a scroll of random uselessness {unknown}
 B - a scroll of enchant weapon {unknown}
 C - a scroll of fog {unknown}
Potions
 g - a potion of berserk rage {unknown}
 n - a potion of agility
 q - 3 potions of lignification
 D - a potion of flight {unknown}
Comestibles
 f - 16 rations


   Skills:
 + Level 5.1 Fighting
 * Level 6.9 Polearms
 - Level 1.7 Throwing
 - Level 2.6 Dodging
 - Level 4.0 Shields
 + Level 4.3 Invocations


You had 7 spell levels left.
You didn't know any spells.
Your spell library was empty.

Dungeon Overview and Level Annotations

Branches:
Dungeon (7/15)             Temple (0/1) D:4

Altars:
Dithmenos
Gozag
Nemelex Xobeh
Okawaru
Ru
Sif Muna
Zin
The Shining One

Shops:
D:6 *

Annotations:
D:7 Pikel


Innate Abilities, Weirdness & Mutations

((You have razor-sharp toenails.))
((You are partially covered in large bone plates. (SH +4)))
((You are partially covered in sharp spines.))


Message History

You hit Pikel.
Pikel is heavily wounded.
Pikel hits you but does no damage.
You are electrocuted!
* * * LOW HITPOINT WARNING * * *
The slave struggles against the net.
The net rips apart, and the slave comes free!
It was a potion of haste.
You feel yourself speed up. You block Pikel's attack.
It was a potion of might.
You feel very mighty all of a sudden. Pikel hits you but does no damage.
You puncture Pikel!
Pikel is almost dead.
Pikel hits you but does no damage.
You are electrocuted!
* * * LOW HITPOINT WARNING * * *
You barely miss Pikel.
Pikel is almost dead.
You hit Pikel.
Pikel is almost dead.
Pikel hits you but does no damage.
You are electrocuted!
You die...

♣♣.♣ ♣♣.♣♣ ♣♣...♣ .. ♣....♣
#.# #....# #.# #....# #.#
#...## #.# #####..########
#### ######.#
#pK♣..........###...
.......###p#####.#####.##)###
#..K....# #.##.......# #
#...##### #.##.##.##.###
#...# #.##.##.###... #...#
##.......# #### #..p#
#.....#### #..p#
#.############# #.pp#
#.######.......


You could see Pikel and 2 slaves.

Vanquished Creatures
  A slave (D:7)
  A sky beast (D:6)
  A phantom (D:6)
  A centaur (D:6)
  2 bullfrogs (D:6)
  2 scorpions
  2 howler monkeys
  3 crimson imps
  2 hounds (D:5)
  A quasit (D:7)
  A centaur zombie (D:6)
  Crazy Yiuf (D:7)
  A gnoll shaman (D:7)
  An orc priest (D:3)
  A jelly (D:5)
  2 orc wizards (D:6)
  2 iguanas
  4 worker ants
  3 gnolls (D:7)
  5 adders
  4 shadow imps
  An ooze (D:5)
  An adder zombie (D:5)
  2 dart slugs
  7 leopard geckos
  15 orcs
  2 bats
  5 giant cockroaches
  10 goblins
  11 hobgoblins
  10 jackals
  12 kobolds
  3 quokkas
  A ball python (D:3)
  10 frilled lizards
  A leopard gecko skeleton (D:6)
  A leopard gecko zombie (D:6)
  7 rats
140 creatures vanquished.

Notes
Turn   | Place    | Note
-------+----------+-------------------------------------------
     0 | D:1      | Ethylacetat the Demonspawn Gladiator began the quest for
                  | the Orb.
     0 | D:1      | Reached XP level 1. HP: 16/16 MP: 1/1
    53 | D:1      | Reached skill level 3 in Polearms
   115 | D:1      | Gained mutation: You are partially covered in large bone
                  | plates. (SH +4) [demonic ancestry]
   115 | D:1      | Reached XP level 2. HP: 20/22 MP: 2/2
   742 | D:1      | Reached XP level 3. HP: 27/28 MP: 3/3
  1182 | D:2      | Found a shadowy altar of Dithmenos.
  1638 | D:2      | Reached skill level 4 in Polearms
  1650 | D:2      | Reached XP level 4. HP: 34/34 MP: 4/4
  2270 | D:3      | Gained mutation: You are partially covered in sharp spines.
                  | [demonic ancestry]
  2270 | D:3      | Reached XP level 5. HP: 24/41 MP: 5/5
  2538 | D:3      | Found a sacrificial altar of Ru.
  2695 | D:3      | Found a glowing silver altar of Zin.
  2772 | D:3      | Reached skill level 5 in Polearms
  2921 | D:3      | Found an iron altar of Okawaru.
  2921 | D:3      | Found a sparkling altar of Nemelex Xobeh.
  2922 | D:3      | Found a glowing golden altar of the Shining One.
  2931 | D:3      | Became a worshipper of Warmaster Okawaru
  2974 | D:4      | Found a staircase to the Ecumenical Temple.
  3067 | D:4      | Reached skill level 1 in Invocations
  3086 | D:4      | Reached XP level 6. HP: 44/48 MP: 6/6
  3374 | D:5      | Entered Level 5 of the Dungeon
  3440 | D:5      | Reached skill level 1 in Shields
  4030 | D:5      | Gained mutation: You have sharp toenails. [demonic
                  | ancestry]
  4030 | D:5      | Reached XP level 7. HP: 30/54 MP: 8/8
  4200 | D:5      | Found a deep blue altar of Sif Muna.
  4303 | D:5      | Found an opulent altar of Gozag.
  4582 | D:6      | Reached skill level 6 in Polearms
  4583 | D:6      | Reached * piety under Okawaru
  5004 | D:6      | Found Mogiupul's General Store.
  5012 | D:6      | Bought a scroll of teleportation for 30 gold pieces
  5177 | D:6      | Gained mutation: You have razor-sharp toenails. [demonic
                  | ancestry]
  5177 | D:6      | Reached XP level 8. HP: 58/61 MP: 10/10
  5338 | D:7      | Reached skill level 5 in Fighting
  5382 | D:7      | Reached ** piety under Okawaru
  5450 | D:7      | Found a runed translucent door.
  5451 | D:7      | Noticed Crazy Yiuf
  5460 | D:7      | Killed Crazy Yiuf
  5668 | D:7      | Noticed Pikel
  5696 | D:7      | HP: 2/93 [Pikel/+2 whip of electrocution (19)]
  5707 | D:7      | HP: 1/93 [Pikel/+2 whip of electrocution (12)]
  5709 | D:7      | Mangled by Pikel

Skill      XL: |  1  2  3  4  5  6  7  8 |
---------------+-------------------------+-----
Polearms       | 3 4 5 6 |  6.9
Fighting       | 3 4 5 |  5.1
Invocations    | 1 2 3 4 |  4.3
Shields        | 1 3 4 |  4.0
Throwing       | |  1.7
Dodging        | |  2.6

Action                   |  1- 3 |  4- 6 |  7- 9 || total
-------------------------+-------+-------+-------++-------
Melee: Trident           |   129 |   220 |   164 ||   513
       Kick              |       |       |    28 ||    28
Throw: Throwing net      |       |       |     3 ||     3
  Use: Potion            |       |       |     6 ||     6
 Stab: Sleeping          |     1 |     8 |     3 ||    12
  Eat: Chunk             |     2 |     8 |     6 ||    16
Armor: Leather armour    |    31 |    43 |    17 ||    91
       Skin              |       |       |     9 ||     9
Dodge: Dodged            |    53 |    92 |    47 ||   192
       Deflected         |     2 |     2 |     2 ||     6
Block: Other             |    21 |    27 |       ||    48
       Buckler           |       |     9 |    60 ||    69
